 Dungeon Crawl Stone Soup version 0.21.1-1-g345015f (webtiles) character file.

188 inc the Shield-Bearer (level 5, -1/36 HPs)
             Began as an Octopode Fighter on June 11, 2018.
             Slain by inc's ghost (2 damage)
             ... on level 5 of the Dungeon.
             The game lasted 00:03:20 (2592 turns).

inc the Shield-Bearer (Octopode Fighter)            Turns: 2592, Time: 00:03:22

Health: -1/36      AC:  1    Str: 21    XL:     5   Next: 67%
Magic:  5/5        EV: 12    Int: 11    God:
Gold:   123        SH: 14    Dex: 11    Spells: 4/4 levels left

rFire    . . .     SeeInvis .   a - +0 flail
rCold    . . .     Gourm    .   b - +0 shield
rNeg     + . .     Faith    .   (helmet restricted)
rPois    .         Spirit   .   i - +4 amulet of reflection
rElec    .         Reflect  +   l - ring of positive energy
rCorr    .         Harm     .   (no ring)
MR       .....                  (no ring)
Stlth    ++........             (no ring)
HPRegen  0.12/turn              (no ring)
MPRegen  0.09/turn              (no ring)
                                (no ring)
                                (no ring)

@: mighty
A: almost no armour, stealthy swim, amphibious, 8 rings, constrict 8, camouflage
1, gelatinous body 1
a: no special abilities


You were on level 5 of the Dungeon.
You were not hungry.

You visited 1 branch of the dungeon, and saw 5 of its levels.

You collected 123 gold pieces.

Inventory:

Hand Weapons
 a - a +0 flail (weapon)
Armour
 b - a +0 shield (worn)
Jewellery
 i - a +4 amulet of reflection (around mantle)
 l - a ring of positive energy (left tentacle)
 v - an uncursed ring of stealth {unknown}
Scrolls
 e - a scroll of fog {unknown}
 g - 2 scrolls of enchant armour {unknown}
 h - 2 scrolls of remove curse {unknown}
 j - a scroll of identify {unknown}
 k - a scroll of enchant weapon {unknown}
 s - a scroll of noise {unknown}
 u - a scroll of fear {unknown}
Potions
 f - 3 potions of haste {unknown}
 m - a potion of degeneration {unknown}
 n - 2 potions of curing {unknown}
 o - 2 potions of mutation {unknown}
 p - a potion of brilliance {unknown}
 q - a potion of magic {unknown}
 t - 2 potions of lignification {unknown}
Books
 r - a book of Conjurations

   Spells                             Type                      Level
   a - Magic Dart                     Conjuration                  1
   b - Searing Ray                    Conjuration                  2
   c - Dazzling Spray                 Conjuration/Hexes            3
   d - Fulminant Prism                Conjuration/Hexes            4
   e - Force Lance                    Conjuration/Translocation    4
   f - Iskenderun's Mystic Blast      Conjuration                  4
Comestibles
 d - 10 rations


   Skills:
 - Level 3.0 Fighting
 + Level 4.2 Maces & Flails
 - Level 3.0 Dodging
 + Level 4.8 Shields


You had 4 spell levels left.
You didn't know any spells.

Dungeon Overview and Level Annotations

Branches:
Dungeon (5/15)
 Temple: D:4-7

Altars:
Dithmenos
Sif Muna
Uskayaw

Annotations:
D:4 Dowan, Duvessa
D:5 inc's ghost, novice OpCj


Innate Abilities, Weirdness & Mutations

You cannot wear most types of armour.
You are very stealthy in the water. (Stealth+)
You are amphibious.
You can wear up to eight rings at the same time.
You can use your tentacles to constrict eight enemies at once.
Your skin changes colour to match your surroundings (Stealth+).
Your rubbery body absorbs attacks. (AC +1, EV +1)


Message History

Something barely misses you.
Inc's ghost stares at you and mumbles some strange words.
The spray of energy hits you!
Ouch! That really hurt!
Something hits you but does no damage. Inc's ghost casts a spell at you.
The spray of energy reflects off an invisible shield around you!
The spray of energy hits inc's ghost.
An orc comes into view.
The orc shouts!
You sock inc's ghost! Your squeeze misses inc's ghost.
Inc's ghost is severely damaged.
Inc's ghost hits you. Inc's ghost freezes you.
* * * LOW HITPOINT WARNING * * *
Something hits you.
* * * LOW HITPOINT WARNING * * *
Something shocks you.
* * * LOW HITPOINT WARNING * * *
Inc's ghost hits you.
You die...

##........##
#..........#
#..........#
#..........#
#..........#
######..........#
................####
##....#....W........
#....#...@...W.o#
#... #.....<.?..#
#... #..[..........
#..................
###.##............W
# .>.(.......#...
..###........... ..
####...##. . #....
..


You could see a phantom, inc's ghost and an orc.

Vanquished Creatures
  An orc wizard (D:3)
  6 adders
  An ooze (D:3)
  8 worms
  A dart slug (D:2)
  2 leopard geckos
  4 orcs (D:3)
  4 giant cockroaches
  13 goblins
  4 hobgoblins
  2 jackals (D:3)
  A quokka (D:3)
  A ball python (D:3)
  7 bats
  4 frilled lizards
  8 kobolds
  13 rats
80 creatures vanquished.

Vanquished Creatures (others)
  A kobold (D:3)
1 creature vanquished.

Grand Total: 81 creatures vanquished

Notes
Turn   | Place    | Note
-------+----------+-------------------------------------------
     0 | D:1      | inc the Octopode Fighter began the quest for the Orb.
     0 | D:1      | Reached XP level 1. HP: 16/16 MP: 1/1
    48 | D:1      | Reached XP level 2. HP: 3/21 MP: 2/2
   485 | D:1      | Reached XP level 3. HP: 25/26 MP: 3/3
  1310 | D:2      | Reached XP level 4. HP: 30/31 MP: 4/4
  1441 | D:2      | Found a deep blue altar of Sif Muna.
  1856 | D:3      | Found a shadowy altar of Dithmenos.
  1896 | D:3      | Reached XP level 5. HP: 36/36 MP: 5/5
  2259 | D:3      | Noticed a hand axe
  2259 | D:3      | Noticed a hand axe
  2261 | D:3      | Found a hide-covered altar of Uskayaw.
  2540 | D:4      | Noticed Duvessa
  2540 | D:4      | Noticed Dowan
  2581 | D:5      | Entered Level 5 of the Dungeon
  2581 | D:5      | Noticed a phantom
  2581 | D:5      | Noticed a sky beast
  2581 | D:5      | Noticed inc's ghost (novice OpCj)
  2592 | D:5      | HP: 1/36 [something (6)]
  2592 | D:5      | Slain by inc's ghost

Skill      XL: |  1  2  3  4  5 |
---------------+----------------+-----
Maces & Flails | 3 4 |  4.2
Shields        | 4 |  4.8
Fighting       | |  3.0
Dodging        | |  3.0

Action                   |  1- 3 |  4- 6 || total
-------------------------+-------+-------++-------
Melee: Flail             |    65 |    82 ||   147
       Constrict         |    20 |    22 ||    42
       Tentacles         |    13 |    11 ||    24
  Use: Potion            |       |     1 ||     1
 Stab: Sleeping          |     5 |     4 ||     9
  Eat: Chunk             |     1 |     4 ||     5
Armor: Skin              |     4 |     3 ||     7
Dodge: Dodged            |    30 |    24 ||    54
Block: Shield            |    24 |    58 ||    82
       Reflection        |       |     6 ||     6
